 Dungeon Crawl Stone Soup version 0.30.1-9-gdf580d7c3d (webtiles) character file.

Game seed: 1577979014769364398

269 KittyFluff the Cudgeller (level 6, -2/38 HPs)
             Began as a Gargoyle Berserker on Oct 5, 2023.
             Was a Priest of Trog.
             Killed from afar by an orc wizard (12 damage)
             ... with a puff of flame
             ... on level 4 of the Dungeon.
             The game lasted 00:10:09 (2441 turns).

KittyFluff the Cudgeller (Gargoyle Berserker)       Turns: 2441, Time: 00:10:11

Health: -2/38      AC:  8    Str: 20    XL:     6   Next: 22%
Magic:  6/6        EV: 12    Int:  8    God:    Trog [***...]
Gold:   211        SH:  0    Dex: 11    Spells: 5/5 levels left

rFire   . . .        a - +0 mace
rCold   + + .        (no shield)
rNeg    + . .        m - +2 robe "Musmuwuc" {rC+}
rPois   ∞            (no helmet)
rElec   +            (no cloak)
rCorr   .            (no gloves)
SInv    .            (no boots)
Will    .....        (no amulet)
Stlth   +            l - ring of protection from cold
HPRegen 0.26/turn    (no ring)
MPRegen 0.10/turn

%: no passive effects
@: confused, on berserk cooldown, slowed, very slow
A: sickness immunity, AC +4, negative energy resistance 1, electricity
resistance, torment resistance 1, petrification resistance
a: Renounce Religion, Berserk, Trog's Hand


You were on level 4 of the Dungeon.
You worshipped Trog.
Trog was most pleased with you.
You visited 1 branch of the dungeon, and saw 4 of its levels.

You collected 211 gold pieces.

Inventory:

Hand Weapons
 a - a +0 mace (weapon)
 q - a +1 sling
Missiles
 e - 6 javelins (quivered)
 h - 2 poisoned darts
Armour
 c - a +0 tower shield
 m - the +2 robe "Musmuwuc" (worn) {rC+}
   (You found it on level 2 of the Dungeon)

   rC:        It protects you from cold.
 u - a +0 leather armour
Jewellery
 l - a ring of protection from cold (left hand)
Scrolls
 b - 2 scrolls of enchant weapon
 f - a scroll of magic mapping {unknown}
 i - a scroll of silence {unknown}
 k - a scroll of fog {unknown}
 p - a scroll of identify {unknown}
 s - 2 scrolls of amnesia {unknown}
 t - 2 scrolls of enchant armour {unknown}
 v - a scroll of noise {unknown}
 w - a scroll of poison {unknown}
Potions
 d - a potion of cancellation {unknown}
 g - 2 potions of attraction {unknown}
 j - a potion of flight {unknown}
 n - a potion of degeneration {unknown}
 o - 2 potions of ambrosia {unknown}
 r - a potion of haste {unknown}


   Skills:
 + Level 4.0 Fighting
 * Level 4.4 Maces & Flails
 * Level 4.1 Armour
 + Level 2.4 Dodging
 + Level 2.1 Shields


You had 5 spell levels left.
You didn't know any spells.
Your spell library was empty.

Dungeon Overview and Level Annotations

Branches:
Dungeon (4/15)
 Temple: D:4-7

Altars:
Okawaru


Innate Abilities, Weirdness & Mutations

You are immune to sickness and miasma.
Your stone body is resilient. (AC +4)
You are immune to poison.
You resist negative energy. (rN+)
You are resistant to electric shocks. (rElec)
You are resistant to unholy torment.
You are immune to petrification.


Message History

You closely miss the orc priest.
The orc priest is severely wounded.
The orc priest miscasts a cantrip.
You closely miss the orc priest.
The orc priest is severely wounded.
You hit the orc priest.
You kill the orc priest!
Trog accepts your kill.
Your Fighting skill increases to level 4!
Your Armour skill increases to level 4!
Your Shields skill increases to level 2!
You have reached level 6!
You hit the orc wizard.
The orc wizard is lightly wounded.
The orc wizard hits you but does no damage.
You sock the orc wizard!
The orc wizard is severely wounded.
The orc wizard closely misses you.
You hit the orc wizard.
You kill the orc wizard!
Trog accepts your kill.
Trog appreciates your killing of a magic user.
Something hits you but does no damage.
Items here: ( )))) [[[[ †††.
You closely miss something. Something hits you.
* * * LOW HITPOINT WARNING * * *
You closely miss something. Something hits you.
* * * LOW HITPOINT WARNING * * *
You miss something. You thump something!
You hear some strange, mumbled words.
You are confused.
You bump into the rock wall.
You are no longer berserk.
You are exhausted.
You feel yourself slow down.
You hear some strange, mumbled words.
A puff of flame appears from out of thin air!
The puff of flame hits you!
You die...

##### #.##. ###.##.
########## #...##.
#.{@.....# #.#.##.
#'######.# #...... ...
#.# ###.##. #... #.#
#.##. #... #.# #.##.
#.o. #.# #.##. #.o.
#.# #.##.
###.######.#######.###
^...............#


There were no monsters in sight!

Vanquished Creatures
  3 orc priests
  An iguana (D:4)
  An orc wizard (D:4)
  5 adders
  A shadow imp (D:4)
  An ufetubus (D:4)
  A worm (D:2)
  7 orcs
  6 endoplasms
  2 giant cockroaches
  4 goblins
  7 hobgoblins
  3 jackals (D:1)
  2 quokkas (D:3)
  4 ball pythons
  4 bats
  4 frilled lizards
  10 kobolds
  8 rats
74 creatures vanquished.

Notes
Turn   | Place    | Note
-------+----------+-------------------------------------------
     0 | D:1      | KittyFluff the Gargoyle Berserker began the quest for the
                  | Orb.
     0 | D:1      | Reached XP level 1. HP: 14/14 MP: 1/1
   135 | D:1      | Reached XP level 2. HP: 16/19 MP: 2/2
   519 | D:1      | Reached XP level 3. HP: 23/23 MP: 3/3
   588 | D:1      | Reached ** piety under Trog
   972 | D:2      | Reached skill level 1 in Shields
  1040 | D:2      | Identified the +2 robe "Musmuwuc" {rC+}
  1260 | D:2      | Reached XP level 4. HP: 16/28 MP: 4/4
  1747 | D:3      | Reached XP level 5. HP: 14/33 MP: 5/5
  2023 | D:3      | Found an iron altar of Okawaru.
  2123 | D:4      | Reached *** piety under Trog
  2433 | D:4      | Reached XP level 6. HP: 19/38 MP: 6/6
  2441 | D:4      | Killed from afar by an orc wizard

Illustrated notes

Levels and vault maps discovered:
D:1:      psy_arrival_spokes, layout_loops_ring, lexackson_kobold_supper
D:2:      layout_basic
D:3:      layout_rooms, mainiacjoe_overflow_surrounded_room
D:4:      layout_basic, serial_demonic, serial_demonic_a, serial_demonic_c,
          serial_demonic_b, serial_demonic_a, minmay_box_of_dots

Skill      XL: |  1  2  3  4  5 |
---------------+----------------+-----
Shields        | 1 2 |  2.1
Armour         | 3 4 |  4.1
Dodging        | 2 |  2.4
Maces & Flails | 4 |  4.4
Fighting       | 4 |  4.0

Action                     |  1- 3 |  4- 6 || total
---------------------------+-------+-------++-------
  Melee: Mace              |   137 |   116 ||   253
         Punch             |     3 |     5 ||     8
   Fire: Sling             |       |     2 ||     2
 Invoke: Berserk           |     1 |     2 ||     3
    Use: Scroll            |       |     1 ||     1
 Armour: Animal skin       |    40 |       ||    40
         Robe              |     6 |    45 ||    51
  Dodge: Dodged            |    90 |    76 ||   166
